 Dungeon Crawl Stone Soup version 0.20.0-15-g7f486f2 (webtiles) character file.

751 grindst0ne the Covert (level 7, -6/46 HPs)
             Began as an Octopode Assassin on June 11, 2017.
             Was a Follower of Cheibriados.
             Mangled by an orc warrior
             ... wielding a +0 glaive
              (16 damage)
             ... on level 6 of the Dungeon.
             The game lasted 00:14:24 (5122 turns).

grindst0ne the Covert (Octopode Assassin)           Turns: 5122, Time: 00:14:25

Health: -6/46      AC:  1    Str: 16 (19) XL:     7   Next: 78%
Magic:  0/7        EV: 18    Int: 19 (21) God:    Cheibriados [*.....]
Gold:   282        SH:  0    Dex: 21 (23) Spells: 6/6 levels left

rFire    + . .     SeeInvis .   b - +1 blowgun
rCold    . . .     Gourm    .   (no shield)
rNeg     . . .     Faith    .   (helmet restricted)
rPois    .         Spirit   +   i - amulet of guardian spirit
rElec    .         Reflect  .   y - ring of protection from magic
rCorr    .         Harm     .   (no ring)
MR       +....     Clarity  +   (no ring)
Stlth    ++++++....             (no ring)
Regen    0.2/turn               (no ring)
MPRegen  0.1/turn               (no ring)
                                (no ring)
                                (no ring)

@: mighty, brilliant, agile, very slow
A: almost no armour, stealthy swim, amphibious, 8 rings, constrict 8, camouflage
1, clarity, fire resistance 1, gelatinous body 1
a: Bend Time, Renounce Religion


You were on level 6 of the Dungeon.
You worshipped Cheibriados.
Cheibriados was aware of your devotion.
You were not hungry.

You visited 1 branch of the dungeon, and saw 6 of its levels.

You collected 282 gold pieces.

Inventory:

Hand Weapons
 a - a +0 dagger of venom
 b - a +1 blowgun (weapon)
 n - a +2 dagger
Missiles
 c - 29 poisoned needles (quivered)
 d - 2 curare-tipped needles
Jewellery
 i - an amulet of guardian spirit (around mantle)
 y - a ring of protection from magic (left tentacle)
Scrolls
 j - a scroll of blinking
 k - 2 scrolls of identify
 o - a scroll of recharging {unknown}
 q - 2 scrolls of enchant weapon
 s - 2 scrolls of teleportation
Potions
 h - 4 potions of curing
 p - a potion of mutation
 r - 3 potions of flight
 t - a potion of heal wounds
 v - a potion of might
Books
 e - a book of Minor Magic

   Spells                             Type                      Level
   a - Magic Dart                     Conjuration                  1
   b - Blink                          Translocation                2
   c - Call Imp                       Summoning                    2
   d - Slow                           Hexes                        2
   e - Conjure Flame                  Conjuration/Fire             3
   f - Mephitic Cloud                 Conjuration/Poison/Air       3
 B - a book of Debilitation

   Spells                             Type                      Level
   a - Corona                         Hexes                        1
   b - Slow                           Hexes                        2
   c - Inner Flame                    Hexes/Fire                   3
   d - Portal Projectile              Hexes/Translocation          3
   e - Cause Fear                     Hexes                        4
   f - Leda's Liquefaction            Hexes/Earth                  4
Comestibles
 f - 2 bread rations
 l - 8 fruits
 m - 6 chunks of flesh
 w - 2 meat rations
 A - a royal jelly


   Skills:
 + Level 3.5 Fighting
 + Level 5.2 Short Blades
 - Level 4.0 Throwing
 - Level 1.0 Dodging
 + Level 8.8 Stealth


You had 6 spell levels left.
You didn't know any spells.

Dungeon Overview and Level Annotations

Branches:
Dungeon (6/15)
 Temple: D:4-7

Altars:
Cheibriados
Nemelex Xobeh
Trog
Uskayaw
Vehumet
The Shining One

Annotations:
D:6 Menkaure


Innate Abilities, Weirdness & Mutations

You cannot wear most types of armour.
You are very stealthy in the water. (Stealth+)
You are amphibious.
You can wear up to eight rings at the same time.
You can use your tentacles to constrict eight enemies at once.
Your skin changes colour to match your surroundings (Stealth+).
Your rubbery body absorbs attacks. (AC +1, EV +1)
You possess an exceptional clarity of mind.
Your flesh is heat resistant. (rF+)


Message History

The orc warrior hits you but does no damage.
The orc warrior hits you from afar with a glaive.
The orc warrior hits you from afar with a glaive.
The orc warrior hits you but does no damage.
The orc warrior hits you from afar with a glaive!
The orc warrior hits you but does no damage.
The orc warrior hits you but does no damage.
The orc warrior barely misses you.
Your transformation is almost over.
Menkaure sighs, "It doesn't hurt if you pull your brain out of your nose yourself."
The orc warrior hits you but does no damage.
The orc warrior hits you from afar with a glaive!
The orc warrior hits you from afar with a glaive.
The orc warrior hits you from afar with a glaive.
The orc warrior hits you from afar with a glaive!
* * * LOW HITPOINT WARNING * * *
The orc warrior hits you but does no damage.
You feel less wooden.
The orc warrior hits you from afar with a glaive!!
You die...

..........### #
.........รท..# ### ##.
..........#.# #.# #.#
.........##.## #.# ##.#
######..##...###.# #..#
#.##.....##.# #..#
#.#.......#.#####..#
#.#..._...#.#...M..#
#.#.......#@#o###(.#####
#.##.....##.#.#(.......#
#..##...##..o....oo....# ..
###.#####..##{...#(....#
... #...###......###.....#
...
####..........###.....#...(
#........###..#.......#..#.
#........# #..#.........#..
#........# #..#.......#....


You could see an orc warrior.

Vanquished Creatures
  2 ogres
  A wyvern skeleton (D:6)
  A howler monkey (D:4)
  A crimson imp (D:5)
  A hound (D:6)
  A centaur skeleton (D:5)
  2 orc priests
  2 iguanas (D:4)
  4 worker ants
  A killer bee zombie (D:5)
  A worker ant zombie (D:6)
  6 adders
  An ooze (D:6)
  A worm (D:2)
  A dart slug (D:1)
  4 leopard geckos
  10 orcs
  A ball python (D:3)
  7 giant cockroaches
  5 goblins
  3 hobgoblins
  15 jackals
  14 kobolds
  A quokka (D:5)
  A ball python zombie (D:3)
  10 bats
  2 frilled lizards (D:2)
  A leopard gecko zombie (D:5)
  A quokka skeleton (D:4)
  3 rats (D:1)
104 creatures vanquished.

Notes
Turn   | Place    | Note
-------+----------+-------------------------------------------
     0 | D:1      | grindst0ne the Octopode Assassin began the quest for the Orb.
     0 | D:1      | Reached XP level 1. HP: 14/14 MP: 1/1
   183 | D:1      | Reached XP level 2. HP: 19/19 MP: 2/2
   767 | D:1      | Reached XP level 3. HP: 24/24 MP: 3/3
   999 | D:2      | Reached skill level 6 in Stealth
  1731 | D:2      | Reached XP level 4. HP: 29/29 MP: 4/4
  2230 | D:3      | Reached XP level 5. HP: 34/34 MP: 5/5
  2488 | D:4      | Found a sparkling altar of Nemelex Xobeh.
  2795 | D:4      | Reached skill level 7 in Stealth
  2802 | D:4      | Noticed an ogre
  2818 | D:4      | Killed an ogre
  2818 | D:4      | Reached XP level 6. HP: 27/39 MP: 6/6
  2977 | D:4      | Found a snail-covered altar of Cheibriados.
  2985 | D:4      | Found a hide-covered altar of Uskayaw.
  2998 | D:4      | Became a worshipper of Cheibriados the Contemplative
  3355 | D:4      | Found a glowing golden altar of the Shining One.
  3505 | D:5      | Entered Level 5 of the Dungeon
  3799 | D:5      | Found a bloodstained altar of Trog.
  3823 | D:5      | Reached XP level 7. HP: 45/45 MP: 7/7
  3830 | D:5      | Reached skill level 8 in Stealth
  4238 | D:5      | Reached * piety under Cheibriados
  4319 | D:6      | Reached skill level 5 in Short Blades
  4930 | D:6      | Found a radiant altar of Vehumet.
  5071 | D:6      | Noticed Menkaure
  5095 | D:6      | Gained mutation: Your flesh is heat resistant. (rF+) [potion of mutation]
  5095 | D:6      | Gained mutation: You possess an exceptional clarity of mind. [potion of mutation]
  5122 | D:6      | Mangled by an orc warrior

Skill      XL: |  1  2  3  4  5  6  7 |
---------------+----------------------+-----
Stealth        | 6 7 8 |  8.8
Short Blades   | 3 4 5 |  5.2
Throwing       | 3 4 |  4.0
Fighting       | 3 |  3.5
Dodging        | |  1.0

Action                   |  1- 3 |  4- 6 |  7- 9 || total
-------------------------+-------+-------+-------++-------
Melee: Dagger            |    75 |    78 |    55 ||   208
       Constrict         |    18 |    17 |    10 ||    45
       Tentacles         |    13 |    14 |    17 ||    44
 Fire: Blowgun           |       |     5 |    15 ||    20
  Use: Scroll            |       |     1 |     7 ||     8
       Potion            |       |       |    11 ||    11
 Stab: Sleeping          |    16 |    14 |     7 ||    37
  Eat: Chunk             |     2 |     7 |     3 ||    12
Armor: Skin              |     6 |     6 |    15 ||    27
Dodge: Dodged            |    39 |    64 |    39 ||   142
